 Dungeon Crawl Stone Soup version 0.18.1-5-g4a78601 (webtiles) character file.

568 Scarto the Covered (level 7, -1/44 HPs)
             Began as a Gargoyle Fighter on May 10, 2016.
             Slain by an orc wizard
             ... wielding a +0 dagger
              (2 damage)
             ... on level 4 of the Dungeon.
             The game lasted 00:05:48 (3239 turns).

Scarto the Covered (Gargoyle Fighter)               Turns: 3239, Time: 00:05:49

Health: -1/44      AC: 12    Str: 21    XL:     7   Next: 33%
Magic:  7/7        EV:  7    Int:  9    God:
Gold:   115        SH:  9    Dex:  9    Spells: 0 memorised, 6 levels left

rFire  . . .     SeeInvis .     a - +0 flail
rCold  . . .     Gourm    .     b - +0 scale mail
rNeg   + . .     Faith    .     c - +0 shield
rPois  ∞         Spirit   .     (no helmet)
rElec  +         Dismiss  .     (no cloak)
rCorr  .         Reflect  .     (no gloves)
SustAt .         Harm     .     (no boots)
MR     .....                    (no amulet)
Stlth  ..........               (no ring)
                                (no ring)

@: not resistant to hostile enchantments, extremely unstealthy
A: negative energy resistance 1, electricity resistance, unbreathing,
petrification resistance, rot immunity, AC +4
a: no special abilities


You were on level 4 of the Dungeon.
You were not hungry.

You visited 1 branch of the dungeon, and saw 4 of its levels.

You collected 115 gold pieces.

Inventory:

Hand Weapons
 a - a +0 flail (weapon)
Missiles
 e - 4 steel javelins (quivered)
Armour
 b - a +0 scale mail (worn)
 c - a +0 shield (worn)
Scrolls
 h - a scroll of fear {unknown}
 i - 3 scrolls of identify {unknown}
 l - a scroll of teleportation {unknown}
 n - a scroll of enchant armour {unknown}
 o - a scroll of remove curse {unknown}
 u - a scroll of noise {unknown}
Potions
 d - a potion of might
 g - 2 potions of curing {unknown}
 k - 3 potions of flight {unknown}
 p - a potion of degeneration {unknown}
 r - 2 potions of resistance {unknown}
Comestibles
 j - 3 fruits
 m - a royal jelly
 q - 2 slices of pizza
 s - a meat ration
 t - 3 beef jerkies


   Skills:
 + Level 5.1 Fighting
 + Level 4.2 Maces & Flails
 + Level 5.5 Armour
 + Level 5.1 Shields


You had 6 spell levels left.
You didn't know any spells.

Dungeon Overview and Level Annotations

Branches:
Dungeon (4/15)
 Temple: D:4-7

Altars:
Elyvilon


Innate Abilities, Weirdness & Mutations

You are resistant to torment.
Your stone body is resilient (AC +4).
You are immune to poison.
You resist negative energy.
You are resistant to electric shocks.
You can survive without breathing.
You are immune to petrification.
You are immune to rotting.


Message History

Beogh smites you!
* * * LOW HITPOINT WARNING * * *
Something hits you.
* * * LOW HITPOINT WARNING * * *
Something hits you but does no damage.
The orc priest hits you but does no damage.
Something hits you but does no damage.
Unknown command.
You barely miss something.
You hear the slow rusting of a distant drain.
Something hits you but does no damage.
The orc priest hits you but does no damage.
You hear some strange, mumbled words.
A puff of flame appears from out of thin air!
The puff of flame hits you!
You sock the orc priest!
The orc priest is almost dead.
You feel less confused. Something hits you.
You die...

#.....(##.#
..#######.###
.## #...## .#
###.<## ## ##..#
# ##.### ..
#...###### ###
######o{....###
)......{@.......
################


You could see an orc priest.

Vanquished Creatures
  Grinder (D:3)
  An ice beast (D:3)
  An orc priest (D:4)
  2 orc wizards (D:3)
  Terence (D:3)
  3 gnolls (D:4)
  5 adders
  A worm (D:2)
  4 giant geckos
  12 orcs (D:3)
  9 bats
  3 giant cockroaches
  10 hobgoblins
  7 jackals (D:3)
  A ball python (D:2)
  5 giant newts
  10 goblins
  7 kobolds
  4 rats (D:1)
87 creatures vanquished.

Vanquished Creatures (others)
  An orc (D:3)
  7 toadstools (D:1)
8 creatures vanquished.

Grand Total: 95 creatures vanquished

Notes
Turn   | Place    | Note
--------------------------------------------------------------
     0 | D:1      | Scarto the Gargoyle Fighter began the quest for the Orb.
     0 | D:1      | Reached XP level 1. HP: 14/14 MP: 1/1
    97 | D:1      | Reached XP level 2. HP: 14/19 MP: 2/2
   294 | D:1      | Reached XP level 3. HP: 22/23 MP: 3/3
   632 | D:2      | Reached XP level 4. HP: 23/29 MP: 4/4
  1274 | D:3      | Reached XP level 5. HP: 14/33 MP: 5/5
  1611 | D:3      | Found a white marble altar of Elyvilon.
  1620 | D:3      | Noticed an ice beast
  1642 | D:3      | Killed an ice beast
  1642 | D:3      | Reached XP level 6. HP: 16/39 MP: 6/6
  1978 | D:3      | Noticed Grinder
  2002 | D:3      | Paralysed by Grinder for 3 turns
  2027 | D:3      | Killed Grinder
  2027 | D:3      | Reached skill level 5 in Armour
  2155 | D:3      | Noticed Terence
  2174 | D:3      | Killed Terence
  2174 | D:3      | Reached XP level 7. HP: 26/44 MP: 7/7
  2578 | D:3      | Reached skill level 5 in Fighting
  2586 | D:3      | Reached skill level 5 in Shields
  3237 | D:4      | HP: 1/44 [something (4)]
  3239 | D:4      | Slain by an orc wizard

Skill      XL: |  1  2  3  4  5  6  7 |
---------------+----------------------+-----
Maces & Flails | 3 4 |  4.2
Armour         | 4 5 |  5.5
Fighting       | 4 5 |  5.1
Shields        | 4 5 |  5.1

Action                   |  1- 3 |  4- 6 |  7- 9 || total
-------------------------+-------+-------+-------++-------
Melee: Flail             |   151 |   221 |   113 ||   485
  Eat: Chunk             |       |     1 |       ||     1
       Bread ration      |       |     1 |     1 ||     2
       Fruit             |       |       |     1 ||     1
Armor: Scale mail        |    95 |   178 |   112 ||   385
Dodge: Dodged            |    60 |    78 |    53 ||   191
Block: Shield            |    96 |   161 |    85 ||   342
